 Dungeon Crawl Stone Soup version 0.30.1-4-g462c640d31 (webtiles) character file.

Game seed: 17242266326841849118

80 lonewolfV2 the Trooper (level 4, -2/49 HPs)
             Began as an Ogre Fighter on Aug 23, 2023.
             Slain by an orc wizard
             ... wielding a +0 dagger
              (4 damage)
             ... on level 3 of the Dungeon.
             The game lasted 00:04:12 (2002 turns).

lonewolfV2 the Trooper (Ogre Fighter)               Turns: 2002, Time: 00:04:13

Health: -2/49      AC:  3    Str: 22    XL:     4   Next: 39%
Magic:  4/4        EV:  8    Int:  9    God:
Gold:   122        SH:  7    Dex:  8    Spells: 3/3 levels left

rFire   . . .        a - +0 war axe
rCold   . . .        c - +0 kite shield
rNeg    . . .        b - +0 robe
rPois   .            (helmet restricted)
rElec   .            (no cloak)
rCorr   .            (gloves unavailable)
SInv    .            (boots unavailable)
Will    .....        (no amulet)
Stlth   +            (no ring)
HPRegen 0.28/turn    (no ring)
MPRegen 0.09/turn

%: no passive effects
@: no status effects
A: large, unfitting armour, tough skin 1
a: no special abilities


You were on level 3 of the Dungeon.
You visited 1 branch of the dungeon, and saw 3 of its levels.

You collected 122 gold pieces.

Inventory:

Hand Weapons
 a - a +0 war axe (weapon)
Missiles
 n - 2 throwing nets (quivered)
Armour
 b - a +0 robe (worn)
 c - a +0 kite shield (worn)
Scrolls
 e - a scroll of amnesia {unknown}
 f - 3 scrolls of identify {unknown}
 h - a scroll of torment {unknown}
 j - a scroll of acquirement {unknown}
 l - 2 scrolls of blinking {unknown}
 m - a scroll of fear {unknown}
Potions
 d - a potion of might
 g - a potion of lignification {unknown}
 i - a potion of haste {unknown}
 k - a potion of curing {unknown}


   Skills:
 + Level 4.6 Fighting
 + Level 3.0 Axes
 + Level 3.1 Dodging
 + Level 0.2 Stealth
 + Level 3.6 Shields


You had 3 spell levels left.
You didn't know any spells.
Your spell library contained the following spells:

 Spells                   Type           Power      Damage    Failure   Level
 Shock                    Conj/Air       0%         1d3       67%         1
 Swiftness                Air            0%         N/A       95%         3
 Airstrike                Air            0%         2d(0-16)  100%        4


Dungeon Overview and Level Annotations

Branches:
Dungeon (3/15)

Altars:

Shops:
D:1 *


Innate Abilities, Weirdness & Mutations

You are too large for most types of armour.
You have tough skin. (AC +1)


Message History

a +0 dagger; a +0 robe; an orc corpse You slash the orc!
You kill the orc!
You closely miss something. Something hits you but does no damage.
You hear some strange, mumbled words.
You are confused.
Things that are here:
a +0 whip; an orc corpse Something hits you.
* * * LOW HITPOINT WARNING * * *
You see here a +0 club.
You bump into the rock wall.
You hear some strange, mumbled words.
A puff of flame appears from out of thin air!
The puff of flame misses you.
You bump into the rock wall.
An orc wizard appears from thin air!
Reactivating autopickup.
The orc wizard casts a spell at you. You resist with some effort.
You barely miss the orc wizard.
The orc wizard is moderately wounded.
The orc wizard hits you with a +0 dagger.
* * * LOW HITPOINT WARNING * * *
The orc wizard casts a spell.
The orc wizard flickers and vanishes!
Deactivating autopickup; reactivate with Ctrl-A.
You miss something. Something hits you.
* * * LOW HITPOINT WARNING * * *
You hit something.
You feel less confused. You block something's attack. Something hits you.
* * * LOW HITPOINT WARNING * * *
You closely miss something. Something hits you.
* * * LOW HITPOINT WARNING * * *
You slash something! Something hits you.
* * * LOW HITPOINT WARNING * * *
Something hits you.
* * * LOW HITPOINT WARNING * * *
You closely miss something. Something hits you.
You die...

#....#.####
#..†......#
########.#..#....#
............#......
#######.##.####..#. #
#............>.. .# #
#.#.....#####.####.#.#
#.#.........#.#......#
#.#.......#.#@#......#
#.#.....#.#.#{#.[...##
#.##.##.#.#..)........
.# #.##.#.#...#.###.##
. #....#.#.....$...#
######.###.#.##### ...
....# ### #####


There were no monsters in sight!

Vanquished Creatures
  An orc wizard (D:3)
  2 adders (D:2)
  A worm (D:2)
  3 orcs
  3 ball pythons (D:2)
  4 bats
  3 endoplasms
  2 giant cockroaches
  A goblin (D:1)
  5 hobgoblins
  5 kobolds
  4 quokkas
  2 frilled lizards (D:1)
  2 rats
38 creatures vanquished.

Notes
Turn   | Place    | Note
-------+----------+-------------------------------------------
     0 | D:1      | lonewolfV2 the Ogre Fighter began the quest for the Orb.
     0 | D:1      | Reached XP level 1. HP: 24/24 MP: 1/1
   100 | D:1      | Reached XP level 2. HP: 12/32 MP: 2/2
   290 | D:1      | Found Voenni's General Store.
   848 | D:2      | Reached XP level 3. HP: 36/40 MP: 3/3
  1658 | D:2      | Reached XP level 4. HP: 36/49 MP: 4/4
  2001 | D:3      | HP: 2/49 [something (3)]
  2002 | D:3      | Slain by an orc wizard

Illustrated notes

Levels and vault maps discovered:
D:1:      dpeg_arrival_arbitrary_b, layout_basic, serial_shops,
          nicolae_diamond_shop
D:2:      layout_loops_corners
D:3:      layout_basic, makhleb_altar_promises_db, minivault_19,
          grunt_ministairs_9, minmay_misc_feat_more_columns

Skill      XL: |  1  2  3  4 |
---------------+-------------+-----
Dodging        | 3 |  3.1
Axes           | 3 |  3.0
Fighting       | |  4.6
Stealth        | |  0.2
Shields        | |  3.6

Action                     |  1- 3 |  4- 6 || total
---------------------------+-------+-------++-------
  Melee: War axe           |    96 |    23 ||   119
 Armour: Robe              |    29 |    11 ||    40
  Dodge: Dodged            |    40 |     4 ||    44
  Block: Kite shield       |    53 |     2 ||    55
